 Dungeon Crawl Stone Soup version 0.31.0-32-g396128a36d (console) character file.

Game seed: 3378511893374340078

1671357 edwinsage the Wrestler (level 26, 244/244 HPs)
             Began as a Yellow Draconian Shapeshifter on Mar 4, 2024.
             Was a High Priest of Wu Jian.
             Escaped with the Orb
             ... and 3 runes on Mar 27, 2024!
             The game lasted 08:42:29 (70718 turns).

edwinsage the Wrestler (DrSh)                      Turns: 70718, Time: 08:42:30

Health: 244/244    AC: 26    Str: 24    XL:     26   Next: 89%
Magic:  46/46      EV: 23    Int: 16    God:    Wu Jian [*****.]
Gold:   5622       SH: 21    Dex: 21    Spells: 2/45 levels left

rFire   + .          .
                       - Unarmed
rCold   + . .        S - +5 kite shield {rN+}
rNeg    + + .        (body armour unavailable)
rPois   .            d - +2 hat {Int+3}
rElec   .            C - +5 cloak "Ruciaxka" {MP+9}
rCorr   +            H - +2 pair of gloves {Stlth+}
SInv    +            U - +2 pair of boots of Oily the Good {Dex+2}
Will    +....        Y - amulet of the acrobat
Stlth   +++          N - ring "Kanugi Qiom" {rF+ rN+ Str-4 Dex+4 SInv}
HPRegen 0.60/turn    x - ring of Gluttony {rC+ Str+6}
MPRegen 0.30/turn

%: acrobat
@: maw-form, studying 2 skills, invisible
A: devouring maw, spit acid, AC +12, unfitting armour, acidic bite,
cold-blooded, acid resistance
0: Orb of Zot
}: 3/15 runes: decaying, serpentine, silver
a: Breathe Acid, Begin Untransformation, Renounce Religion, Wall Jump, Serpent's
Lash, Heavenly Storm


You escaped.
You worshipped Wu Jian.
Wu Jian was extremely pleased with you.
You were a creature with a mouth for a stomach.
You visited 10 branches of the dungeon, and saw 48 of its levels.
You also visited: Sewer, Ice Cave, Volcano and Desolation.

You collected 8412 gold pieces.
You spent 2790 gold pieces at shops.

Inventory:

Missiles
 p - 7 throwing nets
 s - 53 poisoned darts (quivered)
 O - 12 curare-tipped darts
Armour
 d - a +2 hat of intelligence (worn)
 C - the +5 cloak "Ruciaxka" (worn) {MP+9}
   (You found it in a sewer)

   MP+9:      It affects your magic capacity (+9).
 H - a +2 pair of gloves of stealth (worn)
 S - a +5 kite shield of positive energy (worn)
 U - the +2 pair of boots of Oily the Good (worn) {Dex+2}
   (You found it in an ice cave)

   Dex+2:     It affects your dexterity (+2).
Jewellery
 i - a ring of willpower
 k - the ring of Duor Xof {rF++ rCorr Dex+6}
   (You acquired it on level 3 of the Depths)

   [ring of dexterity]

   Dex+6:     It affects your dexterity (+6).
   rF++:      It greatly protects you from fire.
   rCorr:     It protects you from acid and corrosion.
 x - the ring of Gluttony (right hand) {rC+ Str+6}
   (You took it off a deep elf zephyrmancer on level 3 of the Elven Halls)

   [ring of strength]

   Str+6:     It affects your strength (+6).
   rC+:       It protects you from cold.
 I - a ring of poison resistance
 N - the ring "Kanugi Qiom" (left hand) {rF+ rN+ Str-4 Dex+4 SInv}
   (You bought it in a shop on level 3 of the Snake Pit)

   [ring of see invisible]

   Str-4:     It affects your strength (-4).
   Dex+4:     It affects your dexterity (+4).
   rF+:       It protects you from fire.
   rN+:       It protects you from negative energy.
   SInv:      It lets you see invisible.
 Y - an amulet of the acrobat (around neck)
Talismans
 y - a maw talisman (active)
Wands
 u - a wand of flame (128)
 J - a wand of quicksilver (28)
 L - a wand of digging (7)
 P - a wand of mindburst (56)
 Q - a wand of charming (42)
 R - a wand of iceblast (44)
 W - a wand of polymorph (32)
Scrolls
 c - a scroll of amnesia
 e - 2 scrolls of enchant armour
 f - 5 scrolls of fear
 g - 11 scrolls of teleportation
 n - 9 scrolls of immolation
 o - 6 scrolls of poison
 q - 2 scrolls of blinking
 v - 6 scrolls of fog
 D - 3 scrolls of summoning
 G - 6 scrolls of vulnerability
 K - a scroll of silence
 T - 2 scrolls of revelation
Potions
 a - 16 potions of curing
 j - 11 potions of invisibility
 l - a potion of resistance
 m - 8 potions of might
 r - 3 potions of berserk rage
 t - 6 potions of magic
 z - 3 potions of ambrosia
 A - 4 potions of brilliance
 B - 7 potions of heal wounds
 F - 2 potions of haste
 M - 7 potions of enlightenment
 X - 2 potions of cancellation
Miscellaneous
 b - a phial of floods
 h - a phantom mirror


   Skills:
 - Level 21.4 Fighting
 - Level 10.1 Short Blades
 - Level 6.0 Throwing
 - Level 14.8 Dodging
 + Level 16.9 Stealth
 - Level 17.3 Shields
 - Level 22.1 Unarmed Combat
 - Level 10.4 Spellcasting
 - Level 10.0 Conjurations
 - Level 5.0 Hexes
 - Level 13.0 Summonings
 - Level 12.0 Translocations
 - Level 4.8 Air Magic
 - Level 3.0 Earth Magic
 - Level 11.3 Alchemy
 - Level 13.0 Evocations
 - Level 11.1 Shapeshifting


You had 2 spell levels left.
You knew the following spells:

 Your Spells              Type           Power      Damage    Failure   Level
a - Blink                 Tloc           92%        N/A       1%          2
b - Dazzling Flash        Conj/Hex       64%        N/A       1%          3
c - Brom's Barrelling Bo  Conj/Erth      29%        2d5       9%          4
d - Iskenderun's Mystic   Conj/Tloc      43%        2d10      1%          4
f - Mephitic Cloud        Conj/Alch/Air  36%        N/A       1%          3
h - Call Canine Familiar  Summ           49%        N/A       1%          3
k - Summon Cactus Giant   Summ           24%        N/A       9%          6
o - Apportation           Tloc           92%        N/A       1%          1
s - Vhi's Electric Charg  Tloc/Air       70%        N/A       3%          4
t - Fulminant Prism       Conj/Alch      21%        3d12      1%          4
x - Manifold Assault      Tloc           46%        N/A       1%          4
y - Summon Mana Viper     Hex/Summ       37%        N/A       9%          5

Your spell library contained the following spells:

 Spells                   Type           Power      Damage    Failure   Level
 Foxfire                  Conj/Fire      96%        2x1d8     1%          1
 Sting                    Conj/Alch      100%       1d9       1%          1
 Summon Small Mammal      Summ           100%       N/A       1%          1
 Cigotuvi's Dreadful Rot  Necr/Alch/Air  50%        N/A       1%          2
 Lesser Beckoning         Tloc           92%        N/A       1%          2
 Mercury Vapours          Alch/Air       68%        N/A       1%          2
 Momentum Strike          Conj/Tloc      86%        3d10      1%          2
 Ensorcelled Hibernation  Hex/Ice        32%        N/A       6%          2
 Freeze                   Ice            32%        1d5       12%         1
 Necrotise                Necr           32%        1d5       12%         1
 Passage of Golubria      Tloc           46%        N/A       1%          4
 Summon Forest            Summ/Tloc      24%        N/A       1%          5
 Stone Arrow              Conj/Erth      58%        3d10      2%          3
 Summon Ice Beast         Ice/Summ       29%        N/A       2%          3
 Volatile Blastmotes      Fire/Tloc      54%        2d14      3%          3
 Dimensional Bullseye     Hex/Tloc       17%        N/A       3%          4
 Hailstorm                Conj/Ice       24%        3d7       4%          3
 Sigil of Binding         Hex            24%        N/A       4%          3
 Tukima's Dance           Hex            24%        N/A       4%          3
 Ignite Poison            Fire/Alch      26%        N/A       12%         4
 Inner Flame              Hex/Fire       16%        N/A       13%         3
 Airstrike                Air            11%        2d(2-18)  16%         4
 Cause Fear               Hex            12%        N/A       16%         4
 Flame Wave               Conj/Fire      24%        2d8       16%         4
 Arcjolt                  Conj/Air       16%        1d26      16%         5
 Frozen Ramparts          Ice            16%        1d3       34%         3
 Fugue of the Fallen      Necr           8%         N/A       34%         3
 Ozocubu's Armour         Ice            8%         N/A       34%         3
 Vampiric Draining        Necr           8%         2d6       34%         3
 Anguish                  Hex/Necr       8%         N/A       38%         4
 Freezing Cloud           Conj/Ice/Air   12%        6-21      41%         5
 Silence                  Hex/Air        12%        N/A       41%         5
 Conjure Ball Lightning   Conj/Air       16%        3x3d6     65%         6
 Animate Dead             Necr           8%         N/A       75%         4
 Metabolic Englaciation   Hex/Ice        8%         N/A       75%         5
 Sculpt Simulacrum        Ice/Alch       13%        N/A       87%         6
 Starburst                Conj/Fire      12%        6d5       93%         6
 Plasma Beam              Fire/Air       8%         2x1d18    100%        6
 Haunt                    Necr/Summ      14%        N/A       100%        7
 Ozocubu's Refrigeration  Ice            4%         4d8       100%        7
 Borgnjor's Revivificati  Necr           4%         N/A       100%        8
 Infestation              Necr           4%         N/A       100%        8
 Lehudib's Crystal Spear  Conj/Erth      14%        10d5      100%        8
 Maxwell's Capacitive Co  Air            11%        ∞         100%        8
 Polar Vortex             Ice            4%         N/A       100%        9
 Animate Armour           Summ/Erth      Unusable   N/A       N/A         4

Dungeon Overview and Level Annotations

Branches:
Dungeon (15/15)            Temple (1/1) D:4            Lair (5/5) D:9
  Swamp (4/4) Lair:2        Snake (4/4) Lair:2        Slime (0/5) Lair:4
    Orc (2/2) D:9             Elf (3/3) Orc:2        Vaults (5/5) D:14
  Crypt (0/3) Vaults:2     Depths (4/4) D:15            Zot (5/5) Depths:4
  Sewer (visited)           IceCv (visited)         Volcano (visited)
Desolation (visited)

Altars:
Ashenzari
Cheibriados
Dithmenos
Elyvilon
Fedhas
Gozag
Hepliaklqana
Kikubaaqudgha
Makhleb
Nemelex Xobeh
Okawaru
Qazlal
Ru
Sif Muna
Trog
Uskayaw
Vehumet
Wu Jian
Xom
Yredelemnul
Zin
The Shining One
Jiyva

Shops:
D:2 [   D:6 =   D:11 (   D:13 :   Orc:2 ([=*   Elf:3 ((?   Snake:1 *
Snake:2 (!*(   Snake:3 ==:   Vaults:4 [   Vaults:5 =   Depths:2 [   Depths:4 (

Portals:
Hell: Depths:2 Depths:3 Depths:4
Abyss: Depths:1 Depths:2 Depths:3 Depths:4
Pandemonium: Depths:2 Depths:4
Ziggurat: Depths:2

Annotations:
Vaults:1 exclusion: 4 lightning spires
Depths:1 1 runed translucent door


Innate Abilities, Weirdness & Mutations

You are a creature with a mouth for a stomach.
Your midsection houses a second, enormous mouth.
You can spit globs of acid.
Your golden yellow scales are hard. (AC +12)
You cannot fit into any form of body armour.
You have acidic saliva.
You are cold-blooded and may be slowed by cold attacks.
You are resistant to acid. (rCorr)


Message History

(U) Depths (H) Hell (Z) Zot
Where to? (Tab/Enter - D:1 @ (x,y), ? - help)
There is a stone staircase leading up here.
You climb upwards.
There is a stone staircase leading down here.
A lorocyproca comes into view.
You block the lorocyproca's attack.
You pummel the lorocyproca!! You tail-slap the lorocyproca.
You bite the lorocyproca, but do no damage.
The lorocyproca is moderately wounded.
You barely miss the lorocyproca. You bite the lorocyproca!
The lorocyproca is heavily wounded.
You block the lorocyproca's attack.
You punch the lorocyproca!
You bite the lorocyproca, but do no damage.
You bite the lorocyproca.
The lorocyproca is heavily wounded.
You punch the lorocyproca!
Your tail-slap misses the lorocyproca.
You bite the lorocyproca, but do no damage.
Your bite misses the lorocyproca.
The lorocyproca is severely wounded.
You block the lorocyproca's attack.
You pummel the lorocyproca!!
You kill the lorocyproca!
The Council accepts your kill.
No target in view!
(D) Dungeon (T) Temple (L) Lair (S) Swamp (P) Snake Pit (M) Slime Pits (O) Orcish Mines (E) Elven Halls (V) Vaults (C) Crypt (U) Depths (H) Hell (Z) Zot
Where to? (Tab/Enter - D:1 @ (x,y), ? - help)
There is a stone staircase leading up here.
You climb upwards.
There is a stone staircase leading down here.
There is a stone staircase leading up here.
You climb upwards.
There is a stone staircase leading down here.
There is an open door here.
There is a staircase leading out of the dungeon here.
You fade into invisibility!
You have escaped!

#.#######.##.###.##.# #.# #.#
#.##.#....#.# #.# ######.#
#.##.#.#..#.# #.# .†.....#
#....#.#..#.# #.#
###################.#.##.## #.#
..†................>......## #.#
############...###..#####..# #.#
#...............# #.#
#..#####.#####..# #.#
#..#...#.#...#..# #.#
#..#.W.#.'...#..# #.# ########
#..#...#.#...#.## #.# #......#
#..##'##.#####.# #.# #......#
#..............# #.# #......#
#..#####.##'##.## #.# #......#
#..#...#.#...#..# #.# #......#
#..#.>.'.#...#..## #.# #......#
#..#...#.#...#...# #.#
##......###..#####.#####.#.###.#
#...................^....#.....#
#.......##...#############.###.#


There were no monsters in sight!

Vanquished Creatures
  An orb of fire (Zot:5)
  2 ancient liches (Zot:5)
  Frederick (Depths:3)
  5 juggernauts (Depths:3)
  A Killer Klown (Zot:4)
  the Lernaean hydra (Swamp:4)
  A shard shrike (IceCv)
  Saint Roka (Vaults:1)
  9 caustic shrikes
  3 curse toes
  Nikola (Vaults:3)
  Jory (Vaults:5)
  14 golden dragons
  2 bone dragons
  A Tzitzimitl (Zot:3)
  17 tentacled monstrosities
  22 Orb Guardians
  6 liches
  3 deep elf blademasters (Elf:3)
  4 quicksilver dragons
  9 acid blobs (Zot:3)
  A walking divine tome (Depths:3)
  A deep elf master archer (Elf:3)
  9 sphinxes
  A walking frostbound tome (Depths:3)
  6 titans
  7 death cobs
  12 shadow dragons
  Gastronok (Lair:1)
  Agnes (D:14)
  16 tengu reavers
  Kirke (Elf:1)
  17 storm dragons
  Roxanne (Snake:1)
  2 protean progenitors (Zot:1)
  Donald (Elf:1)
  10 fire giants
  9 draconian monks
  15 nagarajas
  5 draconian knights
  12 frost giants
  10 draconian scorchers
  5 deep elf sorcerers
  2 iron dragons
  10 draconian shifters
  Louise (Elf:1)
  3 imperial myrmidons (Desolation)
  19 vault wardens
  8 draconian annihilators
  4 deep elf elementalists (Elf:3)
  An orc warlord (Orc:2)
  A ghost moth (Zot:4)
  A curse skull (Vaults:2)
  3 ghouls
  6 draconian stormcallers
  2 spriggan defenders
  20 ironbound preservers
  6 ironbound thunderhulks
  28 stone giants
  2 juggernaut skeletons (Vaults:1)
  5 formless jellyfish
  14 very ugly things
  A caustic shrike skeleton (Vaults:1)
  21 green draconians
  7 black draconians
  13 purple draconians
  14 spark wasps
  4 eleionomae
  A lorocyproca (D:3)
  27 yellow draconians
  3 vampire knights
  10 dire elephants
  6 deep elf death magi
  8 deep elf demonologists
  2 halazid warlocks (Desolation)
  5 bunyips
  10 red draconians
  4 deep elf annihilators
  3 war gargoyles
  24 white draconians
  A blizzard demon (Zot:2)
  Snorg (Lair:4)
  14 ettins
  A crystal guardian (Desolation)
  16 yaktaur captains
  2 entropy weavers (Vaults:4)
  11 fire dragons
  10 ragged hierophants (Desolation)
  Josephine (D:10)
  Fannar (Lair:1)
  8 deep elf high priests
  3 rakshasas
  Harold (Lair:1)
  Erolcha (D:10)
  19 ice dragons
  5 servants of whispers (Desolation)
  8 great orbs of eyes
  3 salamander tyrants
  34 vault guards
  6 jiangshi
  9 peacekeepers
  20 hydras
  10 ironbound frosthearts
  A death knight (D:15)
  3 spriggan air magi
  7 anacondas
  6 alligators
  4 ghost crabs
  2 catoblepae
  8 ogre magi
  2 radroaches (Zot:1)
  14 two-headed ogres
  17 centaur warriors
  8 boulder beetles
  27 dancing weapons
  3 death yaks
  10 deep troll shamans
  4 shock serpents
  A titan zombie (Depths:2)
  5 deep troll earth magi
  9 naga warriors
  2 vampire magi
  An occultist (Elf:1)
  A shock serpent (shapeshifter) (Vaults:5)
  8 tengu warriors
  8 spriggan berserkers
  9 naga sharpshooters
  4 orc high priests
  Sonja (D:10)
  13 hell knights
  A soul eater (Vaults:2)
  A titan skeleton (Depths:2)
  14 deep elf knights
  5 sun demons
  6 salamander mystics
  2 fire crabs (Vaults:1)
  A skyshark (Lair:3)
  A storm dragon skeleton (Depths:2)
  16 iron trolls
  3 mana vipers (shapeshifter)
  3 sea snakes
  5 spriggan druids
  6 flayed ghosts
  A sun moth (Vaults:1)
  6 bog bodies
  2 shadow demons
  2 steelbarb worms (shapeshifter) (Vaults:5)
  9 arcanists
  6 mana vipers
  63 deep trolls
  4 phantasmal warriors
  13 swamp dragons
  2 orange crystal statues
  3 naga ritualists
  8 harpies
  25 deep elf pyromancers
  10 deep elf archers
  20 ironbound convokers
  4 lindwurms
  6 glowing orange brains
  8 orc knights
  22 deep elf zephyrmancers
  A shadow dragon skeleton (Depths:2)
  A harpy (shapeshifter) (D:13)
  A tengu zombie (Depths:2)
  6 necromancers
  5 oklob plants (Zot:3)
  An iron dragon skeleton (Depths:2)
  Maurice (Orc:1)
  3 orc sorcerers
  12 salamanders
  2 cyclopes
  A manticore (D:15)
  10 elephants
  51 ugly things
  4 will-o-the-wisps
  A kobold blastminer (Orc:2)
  18 moths of wrath
  2 molten gargoyles (Vaults:1)
  A stone giant skeleton (Vaults:3)
  30 black mambas
  8 guardian serpents
  9 naga magi
  16 vault sentinels
  A rust devil (Zot:3)
  A gargoyle (D:10)
  A torpor snail (Lair:1)
  8 large abominations
  An eye of devastation (shapeshifter) (Depths:3)
  3 unseen horrors (Depths:4)
  12 komodo dragons
  A storm dragon simulacrum (Vaults:1)
  11 cane toads
  15 yaktaurs
  12 rime drakes
  A tormentor (Zot:2)
  3 kobold demonologists
  5 tengu conjurers
  5 freezing wraiths
  A golden dragon simulacrum (Vaults:1)
  7 trolls
  A troll (shapeshifter) (Vaults:5)
  2 human skeletons (Vaults:3)
  15 hornets
  26 polar bears
  6 tyrant leeches
  Grinder (D:3)
  8 dream sheep (Lair:5)
  54 saltlings (Desolation)
  2 blink frogs (Lair:5)
  A glass eye (Depths:3)
  An iron dragon simulacrum (Vaults:1)
  3 raiju (Vaults:1)
  An ettin zombie (Vaults:3)
  4 air elementals
  39 slime creatures
  23 spriggans
  A culicivora (shapeshifter) (Vaults:5)
  6 wraiths
  A spriggan (shapeshifter) (Vaults:5)
  A shadow (D:9)
  2 wyverns
  2 water elementals (Depths:2)
  33 yaks
  A steam dragon (D:7)
  A hog (Elf:1)
  Grum (D:11)
  A warg (Orc:1)
  2 fire elementals (Elf:3)
  3 vampire mosquitoes (Swamp:1)
  3 basilisks
  A human (Elf:1)
  A basilisk (shapeshifter) (D:13)
  An elf skeleton (Vaults:3)
  A redback (Vaults:4)
  34 nagas
  2 human zombies (Depths:2)
  5 chaos spawn (Depths:4)
  16 swamp worms
  Duvessa (D:6)
  3 acid dragons
  15 water moccasins
  3 sky beasts
  13 swamp drakes
  32 orc warriors
  Pargi (Sewer)
  4 black bears
  7 laughing skulls
  6 ogres
  5 boggarts
  26 wolves
  7 centaurs
  2 phantoms (D:6)
  A kobold brigand (D:10)
  10 bullfrogs
  3 small abominations (Depths:4)
  3 scorpions
  2 earth elementals
  6 wights (D:9)
  10 killer bees
  Dowan (D:6)
  5 howler monkeys
  3 bombardier beetles
  10 electric eels
  2 lava snakes (Vaults:1)
  23 jellies
  2 hounds
  19 orc priests
  A gnoll bouda (D:8)
  Crazy Yiuf (D:2)
  7 iguanas
  29 orc wizards
  2 sleepcaps
  5 gnolls
  A river rat (shapeshifter) (Elf:3)
  10 adders
  8 shadow imps
  A white imp (D:5)
  2 ufetubi (D:6)
  A ribbon worm (D:4)
  A dart slug (D:1)
  73 orcs
  8 endoplasms
  2 giant cockroaches
  9 goblins
  7 hobgoblins
  7 jackals
  A quokka (D:1)
  3 training dummies (Depths:4)
  11 ball pythons
  4 bats
  7 frilled lizards
  15 kobolds
  4 rats
  3 butterflies (Lair:3)
  2 spectral weapons (Zot:5)
2216 creatures vanquished.

Vanquished Creatures (collateral kills)
  A golden dragon (Depths:3)
  Jorgrun (Snake:3)
  A two-headed ogre (Volcano)
  2 boulders
5 creatures vanquished.

Vanquished Creatures (others)
  A Killer Klown (Zot:5)
  A draconian knight (Zot:5)
  A demonspawn blood saint (Zot:2)
  A stone giant (Depths:2)
  A ghost crab (Swamp:1)
  An ogre mage (Vaults:1)
  A tengu warrior (Depths:2)
  A deep elf knight (Elf:2)
  A deep elf archer (Elf:3)
  3 deep elf zephyrmancers
  A black mamba (Snake:4)
  A tengu conjurer (Depths:3)
  3 bloated husks
  2 humans (Elf:1)
  A swamp worm (Swamp:4)
  An orc (Orc:1)
  5 boulders
  12 foxfires
  9 fulminant prisms
47 creatures vanquished.

Grand Total: 2268 creatures vanquished

Notes
Turn   | Place    | Note
-------+----------+-------------------------------------------
     0 | D:1      | edwinsage the Draconian Shapeshifter began the quest for
                  | the Orb.
     0 | D:1      | Reached XP level 1. HP: 16/16 MP: 1/1
   230 | D:1      | Reached XP level 2. HP: 23/23 MP: 2/2
   886 | D:1      | Reached XP level 3. HP: 28/28 MP: 3/3
  1223 | D:2      | Reached skill level 4 in Unarmed Combat
  1354 | D:2      | Found Xaiwal's Armour Shop.
  1474 | D:2      | Found a runed translucent door.
  1475 | D:2      | Noticed Crazy Yiuf
  1638 | D:3      | Reached XP level 4. HP: 31/37 MP: 4/4
  1727 | D:3      | Reached XP level 5. HP: 38/45 MP: 5/5
  1826 | D:3      | Found a glowing golden altar of the Shining One.
  1999 | D:3      | Noticed Grinder
  1999 | D:3      | Paralysed by Grinder for 3 turns
  2042 | D:4      | Reached skill level 5 in Unarmed Combat
  2157 | D:3      | Paralysed by Grinder for 2 turns
  2162 | D:3      | Killed Grinder
  2163 | D:3      | Reached XP level 6. HP: 11/51 MP: 6/6
  2445 | D:3      | Found a basalt altar of Yredelemnul.
  2445 | D:3      | Found a blossoming altar of Fedhas.
  2705 | D:4      | Reached skill level 5 in Shapeshifting
  2937 | D:4      | Your scales start taking on a golden yellow colour.
  2937 | D:4      | Reached XP level 7. HP: 48/57 MP: 7/7
  2937 | D:4      | Gained mutation: You are resistant to acid. (rCorr) [Yellow
                  | Draconian growth]
  3043 | D:4      | Found a staircase to the Ecumenical Temple.
  3053 | Temple   | Entered the Ecumenical Temple
  3059 | Temple   | Became a worshipper of the Wu Jian Council
  3229 | D:4      | Found an ancient bone altar of Kikubaaqudgha.
  3272 | D:4      | Found a faded altar of an unknown god.
  3272 | D:4      | Found a burning altar of Makhleb.
  3279 | D:4      | Found a glowing silver altar of Zin.
  3281 | D:4      | Found a stormy altar of Qazlal.
  3283 | D:4      | Found a hazy altar of Hepliaklqana.
  3344 | D:5      | Entered Level 5 of the Dungeon
  3383 | D:5      | Identified the +9 rapier of Tumult {freeze, rN+}
  3684 | D:5      | Found a transporter.
  3688 | D:5      | Noticed a kobold demonologist
  3696 | D:5      | Found a transporter.
  3908 | D:5      | Identified the +0 war axe of Oozing Pus {vamp, rElec Str-5
                  | Dex+3}
  4180 | D:6      | Found Fuesu's Jewellery Boutique.
  4202 | D:6      | Reached XP level 8. HP: 60/67 MP: 8/8
  4247 | D:6      | Found a glowing drain.
  4271 | Sewer    | Entered a sewer
  4334 | Sewer    | Noticed Pargi
  4367 | Sewer    | Killed Pargi
  4382 | Sewer    | Identified the +5 cloak "Ruciaxka" {MP+9}
  4443 | D:6      | Noticed Duvessa
  4444 | D:6      | Noticed Dowan
  4465 | D:6      | Killed Duvessa
  4486 | D:6      | Killed Dowan
  4486 | D:6      | Reached * piety under Wu Jian
  4487 | D:6      | Reached skill level 6 in Unarmed Combat
  4579 | D:6      | Reached skill level 7 in Unarmed Combat
  4623 | D:6      | Reached skill level 5 in Fighting
  4810 | D:6      | Reached XP level 9. HP: 70/75 MP: 9/9
  5284 | D:6      | Found a broken altar of Ashenzari.
  5543 | D:7      | Reached skill level 8 in Unarmed Combat
  5922 | D:7      | Found a sacrificial altar of Ru.
  5985 | D:7      | Found an opulent altar of Gozag.
  6662 | D:8      | Noticed a two-headed ogre
  6671 | D:8      | Killed a two-headed ogre
  6672 | D:8      | Reached skill level 9 in Unarmed Combat
  6845 | D:8      | Reached ** piety under Wu Jian
  7034 | D:8      | Found a shadowy altar of Dithmenos.
  7285 | D:8      | Reached XP level 10. HP: 86/86 MP: 10/10
  7677 | D:2      | Killed Crazy Yiuf
  7982 | D:9      | Found a staircase to the Lair.
  8044 | D:9      | You are sucked into a shaft and drop 1 floor!
  8044 | D:10     | Entered Level 10 of the Dungeon
  8053 | D:10     | Noticed Erolcha
  8456 | D:9      | Reached *** piety under Wu Jian
  8553 | D:9      | Found a staircase to the Orcish Mines.
  8950 | Lair:1   | Entered Level 1 of the Lair of Beasts
  8958 | Lair:1   | Reached skill level 10 in Shapeshifting
  9006 | Lair:1   | Noticed Gastronok
  9020 | Lair:1   | Reached skill level 10 in Unarmed Combat
  9022 | Lair:1   | Killed Gastronok
  9023 | Lair:1   | Reached XP level 11. HP: 66/99 MP: 11/11
  9033 | Lair:1   | Learned a level 2 spell: Blink
  9080 | Lair:1   | Reached skill level 10 in Fighting
  9138 | Lair:1   | Reached skill level 1 in Translocations
  9252 | Lair:1   | Reached skill level 5 in Dodging
  9275 | Lair:1   | Noticed a death yak
  9280 | Lair:1   | Noticed a death yak
  9352 | Lair:1   | Killed a death yak
  9399 | Lair:1   | Killed a death yak
  9548 | Lair:1   | Reached skill level 1 in Evocations
  9568 | Lair:1   | Reached skill level 11 in Unarmed Combat
  9762 | Lair:1   | Noticed Harold
  9780 | Lair:1   | Killed Harold
  9797 | Lair:1   | Noticed Fannar
  9806 | Lair:1   | Killed Fannar
  9806 | Lair:1   | Reached **** piety under Wu Jian
 10065 | Lair:2   | Noticed a boulder beetle
 10072 | Lair:2   | Killed a boulder beetle
 10073 | Lair:2   | Reached skill level 12 in Unarmed Combat
 10074 | Lair:2   | Reached XP level 12. HP: 101/106 MP: 12/12
 10167 | Lair:2   | Learned a level 4 spell: Iskenderun's Mystic Blast
 10217 | Lair:2   | Found a staircase to the Snake Pit.
 10342 | Lair:2   | Found a staircase to the Swamp.
 10585 | Lair:2   | Reached skill level 1 in Stealth
 10852 | Lair:3   | Noticed a boulder beetle
 10879 | Lair:3   | Killed a boulder beetle
 10997 | Lair:3   | Found a dark tunnel.
 11007 | Volcano  | Entered a volcano
 11041 | Volcano  | Noticed a two-headed ogre
 11041 | Volcano  | Noticed a two-headed ogre
 11041 | Volcano  | Noticed an ogre mage
 11046 | Volcano  | Killed a two-headed ogre
 11055 | Volcano  | Killed an ogre mage
 11055 | Volcano  | Reached skill level 5 in Stealth
 11070 | Volcano  | Killed a two-headed ogre
 11102 | Volcano  | Noticed a two-headed ogre
 11147 | Volcano  | Killed a two-headed ogre
 11200 | Volcano  | Noticed a two-headed ogre
 11218 | Volcano  | Killed a two-headed ogre
 11272 | Volcano  | Noticed a two-headed ogre
 11275 | Volcano  | Killed a two-headed ogre
 11816 | Lair:4   | Noticed a five-headed hydra
 11977 | Lair:4   | Reached XP level 13. HP: 113/113 MP: 13/13
 12116 | Lair:4   | Reached skill level 13 in Unarmed Combat
 12410 | Lair:4   | Found a viscous altar of Jiyva.
 12411 | Lair:4   | Found a staircase to the Slime Pits.
 12423 | Lair:4   | Noticed Snorg
 12434 | Lair:4   | Killed Snorg
 12711 | Lair:5   | Entered Level 5 of the Lair of Beasts
 12837 | Lair:5   | Reached skill level 5 in Evocations
 12847 | Lair:5   | Reached ***** piety under Wu Jian
 13416 | Lair:5   | Reached skill level 1 in Shields
 13737 | Lair:5   | Gained mutation: You have acidic saliva. [Yellow Draconian
                  | growth]
 13737 | Lair:5   | Reached XP level 14. HP: 124/124 MP: 14/14
 13855 | Lair:5   | Reached skill level 14 in Unarmed Combat
 14022 | Lair:5   | Identified the +6 hand axe "Tuapn" {heavy, rCorr}
 14326 | Orc:1    | Entered Level 1 of the Orcish Mines
 14464 | Orc:2    | Entered Level 2 of the Orcish Mines
 14486 | Orc:2    | Found Qillyr's Antique Weapon Emporium.
 14799 | Orc:2    | Found Jidwynunydu's Antique Armour Emporium.
 14886 | Orc:2    | Found Xeniwooc's Jewellery Shop.
 14886 | Orc:2    | Noticed an orc warlord
 14951 | Orc:2    | Killed an orc warlord
 14952 | Orc:2    | Reached skill level 1 in Throwing
 15059 | Orc:2    | Found a staircase to the Elven Halls.
 15065 | Orc:2    | Found Geaf's General Store.
 15151 | Orc:2    | Reached ****** piety under Wu Jian
 15505 | Orc:1    | Noticed Maurice
 15506 | Orc:1    | Killed Maurice
 15832 | Orc:2    | Bought a pair of runed gloves for 232 gold pieces
 15869 | Orc:2    | Bought a scroll of silence for 142 gold pieces
 16082 | D:6      | Bought a ring of poison resistance for 260 gold pieces
 16205 | Snake:1  | Entered Level 1 of the Snake Pit
 16290 | Snake:1  | Reached skill level 1 in Spellcasting
 16354 | Snake:1  | Learned a level 3 spell: Dazzling Flash
 16355 | Snake:1  | Identified the granite talisman "Ugemeaze" {Stlth+}
 16355 | Snake:1  | Noticed Roxanne
 16731 | Snake:1  | Reached skill level 5 in Conjurations
 16756 | Snake:1  | Reached skill level 1 in Hexes
 17061 | Snake:1  | Found Vielinex's Gadget Gallery.
 17533 | Snake:2  | Found Ziugody's Assorted Antiques.
 17535 | Snake:2  | Found Jorak's Weapon Shop.
 17535 | Snake:2  | Found Neocopp's Weapon Boutique.
 17540 | Snake:2  | Found Giacw's Distillery.
 17838 | Snake:2  | Noticed a nagaraja
 17855 | Snake:2  | Killed a nagaraja
 17856 | Snake:2  | Reached skill level 5 in Translocations
 17856 | Snake:2  | Reached XP level 15. HP: 94/132 MP: 19/19
 18466 | Snake:2  | Reached skill level 5 in Shields
 18817 | Snake:3  | Found Xiluah's Book Boutique.
 18817 | Snake:3  | Found Pait's Jewellery Emporium.
 18818 | Snake:3  | Found Biyvum's Jewellery Emporium.
 19009 | Snake:3  | Found a glacial archway.
 19015 | IceCv    | Entered an ice cave
 19701 | IceCv    | Identified the +2 pair of boots of Oily the Good {Dex+2}
 19735 | IceCv    | Noticed a shard shrike
 19847 | IceCv    | Reached skill level 10 in Shields
 19854 | IceCv    | Killed a shard shrike
 20297 | Snake:3  | Noticed Jorgrun
 20332 | Snake:3  | Killed Jorgrun
 20439 | Snake:2  | Bought a red potion for 30 gold pieces
 20439 | Snake:2  | Bought a scroll labelled PAAT ALOTT for 34 gold pieces
 20470 | Snake:4  | Entered Level 4 of the Snake Pit
 20585 | Snake:4  | Found a broken altar of Ashenzari.
 20831 | Snake:4  | Reached XP level 16. HP: 139/139 MP: 22/22
 21436 | Snake:4  | Reached skill level 15 in Unarmed Combat
 22320 | Snake:4  | Got a serpentine rune of Zot
 23424 | D:10     | Noticed Sonja
 23430 | D:10     | Killed Sonja
 23433 | D:10     | Identified the +5 ring mail of Theory {^Drain rC+ Dex+2}
 23489 | D:10     | Noticed Josephine
 23498 | D:10     | Killed Josephine
 23499 | D:10     | Reached skill level 10 in Stealth
 23821 | D:10     | Killed Erolcha
 24262 | D:11     | Noticed Grum
 24287 | D:11     | Killed Grum
 24339 | D:11     | Found Ewi Opaph's Antique Weapon Boutique.
 25302 | D:13     | Found Binusk's Book Boutique.
 25317 | D:13     | Bought a book of Battle for 390 gold pieces
 25322 | D:13     | Learned a level 4 spell: Manifold Assault
 25354 | D:13     | Identified the +8 orcbow of Hiseghef {speed, *Corrode rPois
                  | rF+ rC+}
 25897 | D:13     | Reached skill level 5 in Throwing
 26142 | D:14     | Reached XP level 17. HP: 149/149 MP: 23/23
 26249 | D:14     | Found a gate to the Vaults.
 26408 | D:14     | Noticed Agnes
 26816 | D:14     | Killed Agnes
 26947 | D:14     | Identified a scroll of acquirement
 26948 | D:14     | Acquired a manual of Stealth
 27223 | Swamp:1  | Entered Level 1 of the Swamp
 28359 | Swamp:3  | Noticed a tentacled monstrosity
 28366 | Swamp:3  | Killed a tentacled monstrosity
 29187 | Swamp:3  | Learned a level 3 spell: Mephitic Cloud
 29482 | Swamp:4  | Entered Level 4 of the Swamp
 29484 | Swamp:4  | Reached skill level 1 in Alchemy
 29671 | Swamp:3  | Reached skill level 1 in Air Magic
 30546 | Swamp:4  | Reached skill level 16 in Unarmed Combat
 30552 | Swamp:4  | Noticed the 27-headed Lernaean hydra
 30559 | Swamp:4  | Killed the 27-headed Lernaean hydra
 30560 | Swamp:4  | Reached skill level 5 in Spellcasting
 30560 | Swamp:4  | Reached XP level 18. HP: 149/157 MP: 25/25
 30606 | Swamp:4  | Got a decaying rune of Zot
 31005 | D:15     | Entered Level 15 of the Dungeon
 31248 | D:15     | Found a runed translucent door.
 31294 | D:15     | Found a runed translucent door.
 31316 | D:15     | Found a runed translucent door.
 31331 | D:15     | Found a runed translucent door.
 31863 | D:15     | Found a staircase to the Depths.
 32121 | Vaults:1 | Entered Level 1 of the Vaults
 32492 | Vaults:2 | Paralysed by a formless jellyfish for 1 turns
 32495 | Vaults:2 | Paralysed by a formless jellyfish for 1 turns
 32723 | Vaults:2 | Found a staircase to the Crypt.
 33276 | Vaults:2 | Paralysed by a sphinx for 2 turns
 34168 | Vaults:2 | Learned a level 4 spell: Fulminant Prism
 35307 | Elf:1    | Entered Level 1 of the Elven Halls
 35368 | Elf:1    | Reached skill level 15 in Stealth
 35372 | Elf:1    | Noticed Kirke
 35381 | Elf:1    | Killed Kirke
 35385 | Elf:1    | Reached XP level 19. HP: 143/167 MP: 26/26
 35587 | Elf:1    | Noticed Louise
 36002 | Depths:1 | Entered Level 1 of the Depths
 36265 | Depths:1 | Found a one-way gate to the infinite horrors of the Abyss.
 36314 | Depths:1 | Reached skill level 5 in Alchemy
 36571 | Depths:1 | Found a runed translucent door.
 37394 | Depths:2 | Reached skill level 17 in Unarmed Combat
 37557 | Depths:2 | Found Mesuam's Armour Shoppe.
 37954 | Depths:2 | Reached skill level 15 in Fighting
 38002 | Depths:2 | Found a one-way gateway to a ziggurat.
 38090 | Depths:2 | Found a one-way gate leading to the halls of Pandemonium.
 38450 | Depths:2 | Found a gateway to Hell.
 39211 | Depths:2 | Reached skill level 10 in Translocations
 39598 | Snake:1  | Killed Roxanne
 39599 | Snake:1  | Reached skill level 1 in Short Blades
 39794 | Snake:3  | Bought the ring "Kanugi Qiom" {rF+ rN+ Str-4 Dex+4 SInv}
                  | for 531 gold pieces
 39849 | Snake:2  | Bought a potion of heal wounds for 70 gold pieces
 39849 | Snake:2  | Bought 2 potions of curing for 84 gold pieces
 39849 | Snake:2  | Bought a potion of enlightenment for 70 gold pieces
 40152 | Elf:1    | Reached XP level 20. HP: 124/178 MP: 29/29
 40169 | Elf:1    | Killed Louise
 40404 | Elf:1    | Noticed Donald
 40417 | Elf:1    | Killed Donald
 41187 | Elf:2    | Paralysed by an air elemental for 1 turns
 41254 | Elf:2    | Reached skill level 10 in Dodging
 41273 | Elf:2    | Acquired 894 gold pieces
 41452 | Elf:2    | Found a runed translucent gate.
 41453 | Elf:2    | Found a runed translucent gate.
 41453 | Elf:2    | Found a runed translucent gate.
 42664 | Elf:3    | Entered Level 3 of the Elven Halls
 42806 | Elf:3    | Found Qomaca's Armour Shop.
 42880 | Elf:3    | Found Ehemp's Weapon Boutique.
 42883 | Elf:3    | Found Ycenleeq's Antique Weapon Shop.
 42885 | Elf:3    | Found Nuafumam's Magic Scroll Boutique.
 43285 | Elf:3    | Identified the ring of Odwofun {Ice Int-3 Dex+3 SInv}
 43295 | Elf:3    | Reached skill level 5 in Short Blades
 43376 | Elf:3    | Identified the +4 trident "Yfferael" {venom, rF+ Int+4
                  | Stlth+}
 43411 | Elf:3    | Identified the staff of the Riding Rattlesnake {rElec Int+2
                  | Air}
 43433 | Elf:3    | Identified the amulet "Cydar" {Spirit *Slow rF+ Will+}
 43467 | Elf:3    | Got the Verses on Enchanted Conjuring
 43487 | Elf:3    | Identified the +1 robe of Dioxzis {Harm rF+ Will+ Str-4}
 43500 | Elf:3    | Identified the ring of Gluttony {rC+ Str+6}
 43566 | Elf:3    | Identified the ring "Jiumip" {Fire ^Contam ^Drain +Blink
                  | Str+5}
 43620 | Elf:3    | Identified the +1 morningstar "Lelimaq" {elec, *Slow Dex+4}
 43629 | Elf:3    | Identified the staff "Axaetun" {Fly rN+ Will- Str-2 Dex+6
                  | Necro}
 43630 | Elf:3    | Identified the +3 spear of Amorality {holy, Int+5 Dex-2}
 44134 | Elf:3    | Bought a scroll of enchant weapon for 135 gold pieces
 44503 | Vaults:1 | Noticed Saint Roka
 44521 | Vaults:1 | Killed Saint Roka
 44798 | Vaults:1 | Paralysed by an air elemental for 1 turns
 44803 | Vaults:1 | Reached skill level 10 in Short Blades
 44808 | Vaults:1 | Paralysed by an air elemental for 1 turns
 44818 | Vaults:1 | Reached XP level 21. HP: 149/185 MP: 30/30
 44819 | Vaults:1 | Paralysed by an air elemental for 1 turns
 45871 | Vaults:1 | Paralysed by a formless jellyfish for 1 turns
 45874 | Vaults:1 | Paralysed by a formless jellyfish for 1 turns
 45877 | Vaults:1 | Reached skill level 18 in Unarmed Combat
 46313 | Vaults:1 | Got Sif Muna's Anthology of the Inferno
 47040 | Vaults:1 | Got the Commentary on Gloom
 47248 | Vaults:2 | Identified the +1 helmet "Naetapn" {Harm Str+3 Int+2}
 48201 | Vaults:3 | Reached skill level 15 in Shields
 48302 | Vaults:3 | Noticed Nikola
 48348 | Vaults:3 | Killed Nikola
 49099 | Vaults:4 | Found a crumbling gateway.
 49109 | Desolati | Entered the Desolation of Salt
 49123 | Desolati | Reached XP level 22. HP: 198/198 MP: 31/31
 49452 | Desolati | Got the Incunable of the Meteoric Icicle
 49469 | Desolati | Identified the +6 dagger of the Feeding Hero {drain, rN++}
 49522 | Desolati | Identified the staff of Goin {rC+ Int+8 Earth}
 49544 | Desolati | Got the Codex of the Metallic Glacier
 49545 | Desolati | Identified the +5 quarterstaff of Qittioh {protect, Dex+2}
 49596 | Desolati | Identified the amulet of Stoicism {Spirit Str+3}
 49599 | Desolati | Identified the +1 short sword of edwinsage's Doom {spect,
                  | rPois rF+ rC- Str+5}
 49701 | Desolati | Identified the +7 quarterstaff of Soremiew {pain, rElec
                  | Str+6 Int-3 Stlth-}
 50017 | Vaults:4 | Found Vowykk's Armour Shoppe.
 50722 | Vaults:4 | Reached skill level 19 in Unarmed Combat
 50975 | D:9      | Upgraded the game from 0.31.0-12-g77e489cdc1 to
                  | 0.31.0-32-g396128a36d
 51475 | Snake:1  | Bought a phial of floods for 640 gold pieces
 53503 | Depths:2 | Reached skill level 10 in Alchemy
 53716 | Depths:3 | Noticed a golden dragon
 54868 | Depths:3 | Noticed a juggernaut
 54873 | Depths:3 | Killed a juggernaut
 54874 | Depths:3 | Reached XP level 23. HP: 154/209 MP: 5/35
 55011 | Depths:3 | Noticed a juggernaut
 55019 | Depths:3 | Reached skill level 20 in Unarmed Combat
 55212 | Depths:3 | Killed a juggernaut
 55575 | Depths:3 | Noticed a juggernaut
 55591 | Depths:3 | Killed a juggernaut
 56244 | Depths:3 | Identified the orb "Nosiroh" {light, Str-5 Dex+5}
 56256 | Depths:3 | Noticed a caustic shrike
 56263 | Depths:3 | Noticed a caustic shrike
 56263 | Depths:3 | Killed a caustic shrike
 56282 | Depths:3 | Killed a caustic shrike
 56729 | Depths:3 | Noticed a juggernaut
 56917 | Depths:3 | Noticed a juggernaut
 57358 | Depths:3 | Noticed Frederick
 57376 | Depths:3 | Killed Frederick
 57426 | Depths:3 | Reached skill level 10 in Evocations
 57431 | Depths:3 | Learned a level 4 spell: Vhi's Electric Charge
 57433 | Depths:3 | Learned a level 1 spell: Apportation
 57533 | Depths:3 | Noticed a caustic shrike
 57541 | Depths:3 | Killed a caustic shrike
 57609 | Depths:3 | Noticed a caustic shrike
 57622 | Depths:3 | Killed a caustic shrike
 57737 | Depths:3 | Identified the amulet "Wuydgh" {Acrobat rF- rCorr Dex+3}
 57748 | Depths:3 | Killed a juggernaut
 57816 | Depths:3 | Acquired the ring of Duor Xof {rF++ rCorr Dex+6}
 58323 | Depths:4 | Entered Level 4 of the Depths
 58398 | Depths:4 | Reached skill level 10 in Conjurations
 58549 | Depths:4 | Found Gycus's Firing Range.
 58556 | Depths:4 | Bought a throwing net for 48 gold pieces
 58556 | Depths:4 | Bought a throwing net for 48 gold pieces
 58556 | Depths:4 | Bought 4 curare-tipped darts for 76 gold pieces
 58589 | Depths:4 | Noticed a caustic shrike
 58595 | Depths:4 | Noticed a caustic shrike
 58602 | Depths:4 | Killed a caustic shrike
 58602 | Depths:4 | Killed a caustic shrike
 58602 | Depths:4 | Noticed a caustic shrike
 58608 | Depths:4 | Noticed a caustic shrike
 58609 | Depths:4 | Noticed a caustic shrike
 58613 | Depths:4 | Killed a caustic shrike
 58615 | Depths:4 | Killed a caustic shrike
 58620 | Depths:4 | Killed a caustic shrike
 59184 | Depths:4 | Learned a level 4 spell: Brom's Barrelling Boulder
 59186 | Depths:4 | Found a gate to the Realm of Zot.
 59240 | Depths:4 | Reached skill level 1 in Earth Magic
 60008 | Depths:3 | Killed a juggernaut
 60009 | Depths:3 | Reached XP level 24. HP: 221/221 MP: 35/35
 60541 | Vaults:5 | Entered Level 5 of the Vaults
 60552 | Vaults:5 | Reached skill level 21 in Unarmed Combat
 60650 | Vaults:5 | Found Peag Zuibun's Jewellery Shop.
 60847 | Vaults:5 | Identified the +5 chain mail of Boredom {SInv}
 60857 | Vaults:5 | Noticed Jory
 60898 | Vaults:5 | Killed Jory
 60996 | Vaults:5 | Identified the ring "Juwetoe" {Fire *Slow rElec Str+5
                  | Stlth+}
 61285 | Vaults:5 | Identified the +3 double sword of Wu Jian, Witching {holy,
                  | SInv}
 61317 | Vaults:5 | Reached skill level 10 in Spellcasting
 61590 | Vaults:5 | Found the +3 Elemental Staff {ele, rElec rF+ rC+ AC+3}
 61596 | Vaults:5 | Got the Almanac of Imprecation and the Autopsy
 61600 | Vaults:5 | Got a silver rune of Zot
 62411 | Zot:1    | Entered Level 1 of the Realm of Zot
 62463 | Zot:1    | Reached skill level 1 in Summonings
 62468 | Zot:1    | Learned a level 3 spell: Call Canine Familiar
 62899 | Depths:4 | Learned a level 6 spell: Summon Cactus Giant
 62927 | Depths:4 | Reached XP level 25. HP: 209/227 MP: 32/37
 63150 | Zot:1    | Reached skill level 5 in Summonings
 65085 | Zot:2    | Identified the +0 leather armour of the Jackfruit {^Drain
                  | rPois rF+++ Will++}
 66656 | Zot:3    | Reached skill level 22 in Unarmed Combat
 67082 | Zot:3    | Reached XP level 26. HP: 244/244 MP: 37/37
 67900 | Zot:4    | Learned a level 5 spell: Summon Mana Viper
 68958 | Zot:5    | Entered Level 5 of the Realm of Zot
 68962 | Zot:5    | Reached skill level 10 in Summonings
 69775 | Zot:5    | Noticed an ancient lich
 69797 | Zot:5    | Killed an ancient lich
 69801 | Zot:5    | Reached skill level 5 in Hexes
 69967 | Zot:5    | Noticed an ancient lich
 69967 | Zot:5    | Noticed an orb of fire
 69968 | Zot:5    | Noticed an ancient lich
 69968 | Zot:5    | Noticed an orb of fire
 69972 | Zot:5    | Gained mutation: You are robust. (+10% HP) [an orb of fire]
 69976 | Zot:5    | Lost mutation: You are robust. (+10% HP) [an orb of fire]
 69981 | Zot:5    | Killed an ancient lich
 69983 | Zot:5    | Killed an orb of fire
 70006 | Zot:5    | Noticed an orb of fire
 70008 | Zot:5    | Got the Orb of Zot
 70011 | Zot:5    | Noticed an orb of fire
 70013 | Zot:5    | Noticed an orb of fire
 70048 | Zot:4    | Identified the +0 plate armour of Zokiucw {rCorr Str+3
                  | Dex-5}
 70132 | Zot:2    | Noticed a seraph
 70192 | Depths:4 | Noticed Lugio the pandemonium lord
 70192 | Depths:4 | Noticed an ancient lich
 70718 | D:$      | Escaped with the Orb!

Illustrated notes

Levels and vault maps discovered:
D:1:      minmay_arrival_four_houses, layout_basic
D:2:      layout_rooms, serial_shops, shop, uniq_crazy_yiuf_cottage
D:3:      layout_basic, grunt_temple_overflow_open, marbit_many_paths,
          uniq_grinder
D:4:      layout_basic, mainiacjoe_overflow_surrounded_room,
          chequers_temple_overflow_minitemple, minmay_temple_entry_large_hall,
          minmay_starry_boxes
D:5:      gammafunk_wand_slinger, layout_gridville
D:6:      hangedman_cross_stitches, layout_basic, cheibrodos_ashenzari_chains,
          mainiacjoe_sewer_entry_somewhere_in_here_2, serial_shops, shop,
          uniq_duvessa
D:7:      layout_loops_corners, nicolae_ru_the_path_less_chosen,
          nicolae_gozag_cash_rules_everything_around_me, fountainhead
D:8:      layout_gridville, mainiacjoe_overflow_catwalk
D:9:      layout_roguey, lair_entry_dummy, hiddenorc1_lemuel, minmay_circle_x
D:10:     layout_long_grid, nicolae_sextant, uniq_josephine, uniq_sonja,
          uniq_erolcha
D:11:     layout_rooms, serial_shops, shop, uniq_grum
D:12:     layout_cave_pools, minmay_misc_feat_columns
D:13:     layout_loops_ring, serial_shops, nicolae_square_shop
D:14:     layout_stronghold, david_vaults_4, minmay_misc_feat_enclosed,
          grunt_decor_clamped, uniq_agnes
D:15:     grunt_enter_depths_snipers, layout_loops_corners, nicolae_titane,
          skrybe_limestone_x, amcnicky_mini_corridor_feature,
          minmay_statue_crystal_thing
Temple:   chequers_temple_sunken
Lair:1:   layout_cellular_growth, st_stairs_12, nicolae_quartered_pool_medium,
          minivault_26, grunt_megastairs_1, uniq_gastronok, uniq_harold,
          uniq_fannar
Lair:2:   layout_hall_layers, swamp_mist, guppyfry_snake_entry_garden,
          serial_bayou_shore_b
Lair:3:   layout_misc_corridors, lightli_volcano_entry_magma_tube,
          lemuel_fruit_fields
Lair:4:   layout_hall_layers, slime_entry_1, nicolae_lair_yak_garden,
          grunt_megastairs_3, uniq_snorg
Lair:5:   minmay_lair_end_enchanted_forest, layout_layer_cave,
          nicolae_lair_lil_pond
Swamp:1:  layout_falls_marsh, evilmike_swamp_ruin_house_4, swamp_pool_4,
          nicolae_swamp_tree_isthmus
Swamp:2:  layout_falls_marsh, nicolae_swamp_dense_foliage
Swamp:3:  layout_basic_swamp, nicolae_swamp_triple_paths,
          nicolae_swamp_round_clearing, infiniplex_staircase_pool
Swamp:4:  swamp_basic_johnstein, layout_basic_swamp, swamp_pool_4
Snake:1:  layout_honeycomb, nicolae_shop_gadgets, uniq_roxanne
Snake:2:  layout_cave_pods, drop_trap, serial_bayou_pond_b, minmay_shoptagon,
          lemuel_fruit_tree, serial_bayou_shore_a
Snake:3:  layout_basic, portal_ice_cave_entry_horrid_things,
          serial_bayou_pond_d, minmay_shop_grove, uniq_jorgrun
Snake:4:  grunt_snake_rune_spirals, layout_onion, basic_altar
Orc:1:    layout_caves, uniq_maurice
Orc:2:    grunt_orc_gardens, layout_caves, grunt_orc_garden, grunt_orc_garden,
          grunt_orc_garden, grunt_orc_garden
Elf:1:    layout_loops_corners, hangedman_elf_disciples, uniq_donald,
          uniq_kirke, uniq_louise
Elf:2:    nicolae_elf_blades_crystal_corner, layout_onion_city, minivault_14
Elf:3:    minmay_elf_hall_not_hex, layout_geoelf_diagonals, serial_shops,
          nicolae_shop_competitors_out_of_business, grunt_megastairs_5,
          minmay_shop_star
Vaults:1: nicolae_vaults_big_angled_halls, v_misc_18,
          nicolae_vaults_border_crossing, v_misc_11, vaults_dpeg_ring,
          ontoclasm_vaults_tryst, nicolae_vaults_asterisk, v_misc_5,
          grunt_vaults_funnel, nicolae_vaults_diamond_1,
          nicolae_vaults_asterisk, nicolae_vaults_tetromino_L_2,
          nicolae_vaults_back_hallway, vaults_room_octagon,
          ontoclasm_vaults_spin, layout_vaults_maze_bifur,
          serial_magic_research, hangedman_research_electronics,
          hangedman_research_quantum, hangedman_research_thanatology,
          hangedman_research_pyrotechnics, uniq_saint_roka
Vaults:2: nicolae_vaults_network_square, nicolae_vaults_what_the_h,
          nicolae_vaults_shock_wave, nicolae_vaults_turnstiles, v_misc_10,
          v_misc_22, minmay_crypt_entry_simple_corners, vaults_dpeg_diagonal,
          layout_vaults_omnigrid
Vaults:3: vaults_mumra_chevron_long, nicolae_vaults_door_testing_chamber,
          nicolae_vaults_stairing_the_circle, v_pattern_2,
          serial_library_hellmonk_semicircle, nicolae_vaults_diamond_1,
          hangedman_vaults_slither, nicolae_vaults_tetromino_Z_2,
          nicolae_vaults_storage_closets_3, ontoclasm_vaults_fault,
          nicolae_vaults_tetromino_Z_1, nicolae_vaults_six-pack,
          vaults_room_pool, nicolae_vaults_variable_pillar_hall,
          layout_vaults_chaotic_city, serial_shops, uniq_nikola
Vaults:4: portal_desolation_entry_twin_temple,
          nicolae_vaults_taking_the_gang_shopping, nicolae_vaults_spaceships,
          nicolae_vaults_steering_wheel, v_misc_24,
          nicolae_vaults_network_periphery, vaults_room_pool, vaults_dpeg_hooks,
          nicolae_vaults_oval_intersection, nicolae_vaults_heart-shaped_vault,
          v_misc_5, nicolae_vaults_trapezoid_lopsided_3, grunt_vaults_focal,
          nicolae_vaults_little_squares_6, v_misc_17, layout_vaults_omnibox
Vaults:5: uniq_jory
Depths:1: layout_gridlike, hellmouth_1, hangedman_abyss_entry_splay,
          serial_sigils_hangedman_clutch, minmay_st_funbox,
          nicolae_tso_swordbearing_angel
Depths:2: nzn_winding_woodlands_huge [nzn_winding_woodlands_5x15_concentric,
          nzn_winding_woodlands_5x15_eye,
          nzn_winding_woodlands_5x15_lazy_stream,
          nzn_winding_woodlands_5x15_pool, nzn_winding_woodlands_5x15_cabin,
          nzn_winding_woodlands_5x15_crooked,
          nzn_winding_woodlands_5x15_sawtooth,
          nzn_winding_woodlands_5x15_sidewinder,
          nzn_winding_woodlands_5x15_twine, nzn_winding_woodlands_5x15_default,
          nzn_winding_woodlands_center_lodge,
          nzn_winding_woodlands_center_diamonds,
          nzn_winding_woodlands_15x15_killbox], layout_basic, enter_ziggurat_b,
          grunt_hell_entry_dis_old, pan_entry, abyss_entry, serial_shops, shop,
          minmay_staircase_statues, uniq_josephina
Depths:3: grunt_runaround [grunt_runaround_loot, grunt_runaround_doors_1,
          grunt_runaround_doors_2, grunt_runaround_doors_3,
          grunt_runaround_doors_4], serial_shops, hell_entry, abyss_entry,
          uniq_frederick, uniq_parghit
Depths:4: grunt_x_marks_the_spot, layout_small_grid, pan_entry,
          hangedman_coc_ice_floe, minmay_room_of_horrors, st_stairs_11,
          nicolae_shop_firing_range
Zot:1:    layout_gridlike, regret_index_zotdec_stipple_waver, uniq_grunn
Zot:2:    grunt_twist_and_shout, layout_concentric_octagons
Zot:3:    lemuel_acid_trip, layout_onion, bh_zot_ikea_curve
Zot:4:    layout_misc_corridors, regret_index_zotdec_fiery_em,
          grunt_megastairs_4
Zot:5:    layout_misc_corridors

Skill      XL: |  1  2  3  4  5  6  7  8  9 10 11 12 13 14 15 16 17 18 19 20 21 22 23 24 25 26 |
---------------+-------------------------------------------------------------------------------+-----
Unarmed Combat | 4 5 7 9 10 12 13 14 15 16 17 18 19 20 21 22 | 22.1
Fighting       | 2 3 4 5 7 9 10 11 12 13 14 15 16 18 19 21 | 21.4
Shapeshifting  | 4 5 6 7 8 10 11 | 11.1
Dodging        | 4 6 8 9 10 11 12 13 14 | 14.8
Translocations | 2 4 5 6 7 9 10 11 12 | 12.0
Evocations     | 1 6 7 10 11 13 | 13.0
Stealth        | 7 8 11 14 15 16 | 16.9
Conjurations   | 2 8 9 10 | 10.0
Shields        | 4 11 13 15 17 | 17.3
Throwing       | 4 5 6 |  6.0
Spellcasting   | 3 4 5 6 8 10 | 10.4
Hexes          | 2 3 5 |  5.0
Alchemy        | 1 4 9 11 | 11.3
Air Magic      | 2 4 |  4.8
Short Blades   | 1 10 | 10.1
Earth Magic    | 3 |  3.0
Summonings     | 3 7 13 | 13.0

Action                     |  1- 3 |  4- 6 |  7- 9 | 10-12 | 13-15 | 16-18 | 19-21 | 22-24 | 25-27 || total
---------------------------+-------+-------+-------+-------+-------+-------+-------+-------+-------++-------
  Melee: Unarmed           |    88 |   104 |   335 |   446 |  1498 |  1876 |  2206 |  2164 |  1600 || 10317
         Tailslap          |     4 |    11 |    53 |    67 |   193 |   305 |   433 |   518 |   343 ||  1927
         Punch             |     4 |     2 |       |    12 |    16 |       |       |       |       ||    34
         Maw               |       |       |       |    32 |   469 |   614 |   781 |   787 |   585 ||  3268
         Bite              |       |       |       |       |   140 |   250 |   339 |   356 |   300 ||  1385
  Throw: Dart              |       |       |       |    12 |       |       |       |    14 |     5 ||    31
         Stone             |       |       |       |       |     4 |    36 |     5 |     1 |       ||    46
         Throwing net      |       |       |       |       |     1 |     1 |       |       |       ||     2
   Cast: Dazzling Flash    |       |       |       |       |     1 |     2 |     1 |     3 |       ||     7
         Manifold Assault  |       |       |       |       |       |    13 |   156 |    94 |    12 ||   275
         Mephitic Cloud    |       |       |       |       |       |       |     8 |     6 |       ||    14
         Fulminant Prism   |       |       |       |       |       |       |     6 |       |     3 ||     9
         Vhi's Electric Ch |       |       |       |       |       |       |       |     3 |     5 ||     8
         Brom's Barrelling |       |       |       |       |       |       |       |     2 |     7 ||     9
         Call Canine Famil |       |       |       |       |       |       |       |       |     6 ||     6
         Iskenderun's Myst |       |       |       |       |       |       |       |       |     1 ||     1
         Summon Mana Viper |       |       |       |       |       |       |       |       |     1 ||     1
 Invoke: Serpent's Lash    |       |       |       |     1 |     7 |    16 |    14 |    33 |    23 ||    94
         Heavenly Storm    |       |       |       |       |       |     2 |     3 |     3 |     1 ||     9
Ability: Lunge             |       |       |    33 |    52 |   113 |   173 |   172 |   175 |   130 ||   848
         Breathe Acid      |       |       |    26 |    52 |    29 |    52 |    30 |    24 |    24 ||   237
         Whirlwind         |       |       |    40 |   118 |   375 |   553 |   585 |   681 |   480 ||  2832
         Wall Jump         |       |       |     1 |     6 |    17 |    25 |    20 |    11 |     4 ||    84
  Evoke: Wand              |       |       |     2 |     3 |    14 |     1 |     3 |       |     4 ||    27
         Phantom mirror    |       |       |       |     2 |     1 |     1 |     1 |     1 |       ||     6
    Use: Potion            |       |     1 |       |       |     2 |     4 |     6 |     2 |     8 ||    23
         Scroll            |       |       |       |    21 |     8 |     7 |    15 |     9 |     5 ||    65
   Stab: Sleeping          |     1 |       |       |     3 |    19 |    41 |    35 |    17 |    17 ||   133
         Distracted        |       |       |       |       |     7 |     5 |     3 |    18 |    14 ||    47
         Held in net/web   |       |       |       |       |     1 |       |       |       |       ||     1
         Invisible         |       |       |       |       |       |     1 |       |     2 |       ||     3
         Confused          |       |       |       |       |       |       |     6 |     8 |       ||    14
 Armour: Skin              |    21 |    46 |   113 |   187 |   745 |   895 |   741 |   589 |   470 ||  3807
  Dodge: Dodged            |    49 |    42 |   245 |   228 |   616 |   649 |   602 |   637 |   420 ||  3488
  Block: Buckler           |       |       |       |       |   121 |       |    66 |    55 |       ||   242
         Kite shield       |       |       |       |       |   199 |   792 |   627 |   834 |   734 ||  3186
   Form: Flux              |       |     2 |       |     2 |       |       |       |       |       ||     4
         Beast             |       |     1 |       |       |       |       |       |       |       ||     1
         Maw               |       |       |       |     3 |       |       |     1 |       |       ||     4
         Statue            |       |       |       |       |       |       |     1 |       |       ||     1
